 Dungeon Crawl Stone Soup version 0.31.0-9-g3a7656b989 (webtiles) character file.

Game seed: 15302882449614540626

127 qw the Skirmisher (level 4, -1/25 HPs)
             Began as a Deep Elf Hunter on Feb 3, 2024.
             Slain by a sickly merfolk siren (14 damage)
             ... in a sewer.
             The game lasted 00:01:08 (1733 turns).

qw the Skirmisher (Deep Elf Hunter)                 Turns: 1733, Time: 00:01:09

Health: -1/25      AC:  5    Str: 16    XL:     4   Next: 85%
Magic:  6/6        EV: 11    Int: 14    God:
Gold:   79         SH:  0    Dex: 18    Spells: 3/3 levels left

rFire   . . .        a - +0 shortbow
rCold   . . .        (shield currently unavailable)
rNeg    . . .        d - +0 ring mail
rPois   .            (no helmet)
rElec   .            (no cloak)
rCorr   .            (no gloves)
SInv    .            (no boots)
Will    .....        h - amulet of the acrobat
Stlth   +            g - +6 ring of strength
HPRegen 0.24/turn    (no ring)
MPRegen 0.10/turn

%: acrobat
@: very slow
A: no striking features
a: no special abilities


You were in a sewer.
You visited 1 branch of the dungeon, and saw 3 of its levels.
You also visited: Sewer.

You collected 157 gold pieces.
You spent 78 gold pieces at shops.


   Skills:
 - Level 1.5 Fighting
 + Level 8.3 Ranged Weapons
 - Level 2.4 Dodging
 - Level 1.2 Stealth


You had 3 spell levels left.
You didn't know any spells.
Your spell library was empty.

Inventory:

Hand Weapons
 a - a +0 shortbow (weapon)
Armour
 d - a +0 ring mail (worn)
Jewellery
 g - a +6 ring of strength (left hand)
 h - an amulet of the acrobat (around neck)
Potions
 e - a potion of curing
 f - a potion of magic {unknown}

Dungeon Overview and Level Annotations

Branches:
Dungeon (3/15)              Sewer (1/1)

Altars:
Ru

Shops:
D:1 ?


Message History

The sickly merfolk siren closely misses you.
The quokka barely misses you. The quokka closely misses you.
You shoot an arrow.
The arrow closely misses the sickly merfolk siren.
The sickly merfolk siren hits you. The quokka bites you. x2
The sickly merfolk siren chants a haunting song.
You resist.
You shoot an arrow.
The arrow hits the sickly merfolk siren.
The sickly merfolk siren is severely wounded.
The quokka bites you.
The quokka bites you but does no damage.
The quokka splashes around in the water.
The quokka barely misses you.
The sickly merfolk siren chants a haunting song.
You resist.
You shoot an arrow.
The arrow hits the sickly merfolk siren but does no damage.
The sickly merfolk siren is severely wounded.
The quokka twitches its whiskers.
The quokka barely misses you.
The quokka bites you but does no damage.
The sickly merfolk siren chants a haunting song.
You are mesmerised by the sickly merfolk siren!
You shoot an arrow.
The arrow hits the sickly merfolk siren but does no damage.
The sickly merfolk siren is severely wounded.
You break out of your daze!
The quokka bites you but does no damage.
The quokka barely misses you. The sickly merfolk siren hits you.
1732 ||| DRINKING potion of heal wounds.
You feel much better.
The quokka splashes around in the water. x2
The sickly merfolk siren hits you but does no damage.
You shoot an arrow.
The arrow closely misses the sickly merfolk siren.
The quokka bites you but does no damage.
The quokka bites you. The sickly merfolk siren hits you!
Ouch! That really hurt!
You die...

#### ##.~##
######.~~~###
...%..~~~~\\#
#############
~~~~~~~~~~##########
..~..~~~~~%~~~~~@m~#
#..#############rr~#
#### #r#~~~#
#.##~~~%~ #.. ....~
### ##.. .


You could see a sickly merfolk siren, 2 quokkas and a rat.

Vanquished Creatures
  3 adders
  A river rat (D:3)
  A dart slug (D:2)
  4 ribbon worms
  An orc (D:3)
  15 ball pythons
  5 endoplasms (D:2)
  6 giant cockroaches
  2 goblins (D:2)
  4 hobgoblins
  2 jackals (D:1)
  4 kobolds
  7 quokkas
  5 bats
  4 frilled lizards
  12 rats
76 creatures vanquished.

Notes
Turn   | Place    | Note
-------+----------+-------------------------------------------
     0 | D:1      | qw the Deep Elf Hunter began the quest for the Orb.
     0 | D:1      | Reached XP level 1. HP: 12/12 MP: 3/3
     0 | D:1      | 0 ||| qw: Version: 0.3-a-155-g5e7d8dd
     0 | D:1      | 0 ||| qw: Game counter: 3049
     0 | D:1      | 0 ||| qw: Melee chars always use a shield: true
     0 | D:1      | 0 ||| qw: God list: Okawaru
     0 | D:1      | 0 ||| qw: Allow faded altars: false
     0 | D:1      | 0 ||| qw: Do Orc after clearing Dungeon:15 true
     0 | D:1      | 0 ||| qw: Do second Lair branch before Depths: true
     0 | D:1      | 0 ||| qw: Lair rune preference: random
     0 | D:1      | 0 ||| qw: Goals: Normal
     0 | D:1      | 0 ||| PLANNING D:1-11
    58 | D:1      | Reached XP level 2. HP: 16/16 MP: 4/4
   116 | D:1      | Reached skill level 6 in Ranged Weapons
   499 | D:1      | Found Ynnuckiv's Magic Scroll Shoppe.
   506 | D:1      | 506 ||| SHOPLISTING scroll of brand weapon (123 gold, have
                  | 81).
   506 | D:1      | 506 ||| SHOPLISTING scroll of enchant armour (97 gold, have
                  | 81).
   506 | D:1      | 506 ||| SHOPLISTING scroll of enchant weapon (97 gold, have
                  | 81).
   506 | D:1      | 506 ||| BUYING scroll of identify (26 gold).
   506 | D:1      | Bought a scroll of identify for 26 gold pieces
   506 | D:1      | 506 ||| BUYING scroll of identify (26 gold).
   506 | D:1      | Bought a scroll of identify for 26 gold pieces
   506 | D:1      | 506 ||| BUYING scroll of identify (26 gold).
   506 | D:1      | Bought a scroll of identify for 26 gold pieces
   521 | D:1      | 521 ||| READING 3 scrolls of identify.
   521 | D:1      | 521 ||| IDENTIFYING glowing blue potion
   522 | D:1      | 522 ||| READING 2 scrolls of identify.
   522 | D:1      | 522 ||| IDENTIFYING scroll labelled FURITO HETZ
   523 | D:1      | 523 ||| READING scroll of identify.
   523 | D:1      | 523 ||| IDENTIFYING scroll labelled YSEWID FUMEI
   524 | D:1      | 524 ||| READING scroll labelled JUAJ ZUSMUYBY.
   525 | D:1      | 525 ||| DROPPING scroll of butterflies.
   526 | D:1      | 526 ||| DROPPING scroll of fog.
   527 | D:1      | 527 ||| DROPPING scroll of noise.
   557 | D:2      | 557 ||| STAIRDANCE
   561 | D:2      | 561 ||| STAIRDANCE
   684 | D:2      | Reached XP level 3. HP: 17/20 MP: 5/5
   863 | D:2      | Reached skill level 7 in Ranged Weapons
  1082 | D:2      | 1082 ||| UPGRADING to +0 ring mail.
  1092 | D:2      | 1092 ||| DROPPING +0 leather armour.
  1093 | D:2      | 1093 ||| UPGRADING to amulet of the acrobat.
  1098 | D:2      | 1098 ||| UPGRADING to +6 ring of strength.
  1099 | D:2      | 1099 ||| READING scroll of identify.
  1099 | D:2      | 1099 ||| IDENTIFYING ruby potion
  1118 | D:3      | 1118 ||| PLANNING SEWER
  1274 | D:3      | Reached XP level 4. HP: 25/25 MP: 6/6
  1478 | D:3      | Found a sacrificial altar of Ru.
  1563 | D:3      | Found a glowing drain.
  1579 | D:3      | Reached skill level 8 in Ranged Weapons
  1648 | D:3      | 1648 ||| READING scroll labelled GEIHEA YBBYF.
  1649 | D:3      | 1649 ||| READING scroll labelled OGIS MUGIQU.
  1654 | Sewer    | Entered a sewer
  1731 | Sewer    | HP: 3/25 [sickly merfolk siren (6)]
  1732 | Sewer    | 1732 ||| DRINKING potion of heal wounds.
  1733 | Sewer    | Slain by a sickly merfolk siren

Levels and vault maps discovered:
D:1:      co_arrival_square_in_a_square_in_a_square, layout_loops_cross,
          serial_shops, nicolae_square_shop
D:2:      layout_rooms, minmay_misc_feat_tower
D:3:      layout_basic, nicolae_ru_path_of_blood, portal_sewer_entry_e
Sewer:    sewer_sea

Skill      XL: |  1  2  3  4 |
---------------+-------------+-----
Ranged Weapons | 6 7 8 |  8.3
Fighting       | |  1.5
Dodging        | |  2.4
Stealth        | |  1.2

Action                     |  1- 3 |  4- 6 || total
---------------------------+-------+-------++-------
   Fire: Shortbow          |   115 |    91 ||   206
    Use: Scroll            |     5 |     2 ||     7
         Potion            |       |     1 ||     1
 Armour: Leather armour    |    16 |       ||    16
         Ring mail         |     3 |    47 ||    50
  Dodge: Dodged            |    23 |    29 ||    52

Table legend:
 A = Non-vault XP
 B = Vault XP
 C = Vault XP percentage of total XP
 D = Non-vault monster count
 E = Vault monster count
 F = Vault count percentage of total count
                 A         B        C        D         E       F
            +---------+---------+-------+---------+---------+-------
      Total |     124 |      58 |  31.9 |      55 |      21 |  27.6
            +---------+---------+-------+---------+---------+-------
        D:1 |      27 |       0 |   0.0 |      18 |       0 |   0.0
        D:2 |      61 |       0 |   0.0 |      24 |       0 |   0.0
        D:3 |      36 |      30 |  45.5 |      13 |       8 |  38.1
      Sewer |       0 |      28 | 100.0 |       0 |      13 | 100.0
            +---------+---------+-------+---------+---------+-------
